 Dungeon Crawl Stone Soup version 0.30.0-3-ga4e48a9924 (webtiles) character file.

Game seed: 11232704225794468174

2401 avis the Slicer (level 9, -7/42 HPs)
             Began as a Vine Stalker Brigand on May 7, 2023.
             Was a Believer of Uskayaw.
             Mangled by a vampire
             ... wielding a +1 vampiric halberd
              (11 damage)
             ... in a bailey.
             The game lasted 00:57:44 (5752 turns).

avis the Slicer (Vine Stalker Brigand)              Turns: 5752, Time: 00:57:45

Health: -7/42      AC:  3    Str: 15    XL:     9   Next: 46%
Magic:  0/24       EV: 12    Int:  8    God:    Uskayaw [**....]
Gold:   157        SH:  0    Dex: 19    Spells: 6/12 levels left

rFire   . . .        a - +1 dagger (vamp)
rCold   . . .        (no shield)
rNeg    . . .        s - +0 robe "Tidgh" {Harm Regen+ Int-3}
rPois   .            (no helmet)
rElec   .            c - +0 cloak
rCorr   .            (no gloves)
SInv    .            (no boots)
Will    +....        (no amulet)
Stlth   +++          m - ring of magical power
HPRegen 1.87/turn    k - +4 ring of slaying
MPRegen 0.19/turn

%: harm (+30% outgoing, +20% incoming), guardian spirit
@: about to teleport
A: fangs 3, regeneration 1, magic shield, antimagic bite, no potion heal 2
a: Renounce Religion, Stomp, Line Pass


You were in a bailey.
You worshipped Uskayaw.
Uskayaw was noncommittal.
You visited 2 branches of the dungeon, and saw 8 of its levels.
You also visited: Bailey.

You collected 257 gold pieces.
You spent 100 gold pieces at shops.

Inventory:

Hand Weapons
 a - a +1 vampiric dagger (weapon)
 b - a +0 arbalest
 g - a +2 heavy dagger
 w - the +5 sling "Dacliz" {antimagic, rElec}
   (You found it on level 6 of the Dungeon)

   rElec:     It insulates you from electricity.
Missiles
 d - 9 poisoned darts
 e - a curare-tipped dart (quivered)
 A - 3 silver boomerangs
 D - a throwing net
Armour
 c - a +0 cloak (worn)
 s - the +0 robe "Tidgh" (worn) {Harm Regen+ Int-3}
   (You found it in a bailey)

   Int:       It affects your intelligence (-3).
   Regen:     It increases your rate of health regeneration.
   Harm:      It increases damage dealt and taken.
 F - a +1 robe of the Archmagi
 I - a +2 robe of willpower
Jewellery
 f - a ring of protection from cold
 i - a ring of flight
 k - a +4 ring of slaying (right hand)
 m - a ring of magical power (left hand)
 n - a ring of fire
Wands
 r - a wand of paralysis (4)
 x - a wand of roots (10)
Scrolls
 h - a scroll of blinking
 v - a scroll of torment
 y - a scroll of teleportation
 z - a scroll of fear
 G - a scroll of amnesia
Potions
 j - a potion of lignification
 l - a potion of might {unknown}
 o - 2 potions of brilliance
 p - 2 potions of berserk rage
 q - 2 potions of flight {unknown}
 t - a potion of heal wounds {unknown}
 u - 3 potions of resistance
 B - a potion of cancellation {unknown}
 C - 2 potions of mutation {unknown}
 H - a potion of invisibility {unknown}
 J - a potion of haste
 L - 2 potions of curing
 M - a potion of degeneration
 N - a potion of attraction


   Skills:
 - Level 2.0 Fighting
 * Level 8.7 Short Blades
 - Level 2.0 Throwing
 - Level 2.0 Dodging
 - Level 5.0 Stealth
 - Level 2.0 Spellcasting
 - Level 1.0 Ice Magic
 + Level 7.1 Invocations


You had 6 spell levels left.
You knew the following spells:

 Your Spells              Type           Power      Damage    Failure   Level
f - Swiftness             Air            0%         N/A       71%         3
o - Ozocubu's Armour      Ice            2%         N/A       56%         3

Your spell library contained the following spells:

 Spells                   Type           Power      Damage    Failure   Level
 Necrotise                Necr           0%         1d4       34%         1
 Ensorcelled Hibernation  Hex/Ice        2%         N/A       41%         2
 Passwall                 Tmut/Erth      0%         N/A       47%         2
 Tukima's Dance           Hex            0%         N/A       71%         3
 Animate Dead             Necr           0%         N/A       98%         4
 Passage of Golubria      Tloc           0%         N/A       98%         4
 Yara's Violent Unravell  Hex/Tmut       0%         3d3       100%        5
 Haunt                    Necr/Summ      0%         N/A       100%        7
 Ozocubu's Refrigeration  Ice            1%         4d7       100%        7
 Infestation              Necr           0%         N/A       100%        8


Dungeon Overview and Level Annotations

Branches:
Dungeon (7/15)             Temple (1/1) D:5          Bailey (1/1)

Altars:
Ashenzari
Cheibriados
Dithmenos
Elyvilon
Fedhas
Gozag
Hepliaklqana
Kikubaaqudgha
Makhleb
Nemelex Xobeh
Qazlal
Sif Muna
Trog
Uskayaw
Vehumet
Wu Jian
Xom
Yredelemnul
Zin
The Shining One

Shops:
D:5 *=!


Innate Abilities, Weirdness & Mutations

You have razor-sharp teeth.
Your natural rate of healing is unusually fast.
When hurt, damage is shared between your health and your magic reserves.
Your bite disrupts and absorbs the magic of your enemies.
Potions cannot restore your health.


Message History

The gargoyle is severely damaged.
You hit the gargoyle.
You bite the gargoyle, but do no damage.
The gargoyle is severely damaged.
The gargoyle hits you with a +0 dire flail!
You hit the gargoyle but do no damage. You bite the gargoyle!
You destroy the gargoyle!
Uskayaw will force your foes to helplessly watch your dance.
Your Invocations skill increases to level 7!
You open the large door.
A vampire comes into view. It is wielding a +1 vampiric halberd.
Found a glowing broad axe.
There is a large open door here.
Found a glowing ring mail.
Found a +4 ring of slaying and a bubbling green potion.
The vampire hits you from afar with a +1 vampiric halberd!
Found a runed helmet.
The vampire casts a spell.
The vampire flickers and vanishes!
Deactivating autopickup; reactivate with Ctrl-A.
You hit something. Your bite misses something. Something hits you!
Something bites you.
Something draws strength from your injuries!
You barely miss something. You bite something. Something hits you!
* * * LOW HITPOINT WARNING * * *
Something bites you!
* * * LOW HITPOINT WARNING * * *
Something draws strength from your injuries!
Aiming: Paralyse
Press: ? - help, Shift-Dir - straight line Nothing appears to happen.
Something hits you.
* * * LOW HITPOINT WARNING * * *
Something bites you but does no damage.
Okay, then.
You closely miss something.
As you read the scroll of teleportation, it crumbles to dust.
You feel strangely unstable. Something hits you.
* * * LOW HITPOINT WARNING * * *
Something bites you!
You die...

#......#..#
######......#..#
.......##...#..#
....).##....#..#
♣...))#....##..#
.....##...##...#
..... ##...)..8#
.♣.♣.
##)...######
....♣
#...##..@{##
...♣
#..##.....)# .♣
#..#...##.[8#
#.)'..## #.=#
#..'..# .!#
#..#...# [8#
#..##.... ##
######...8#
#####


There were no monsters in sight!

Vanquished Creatures
  A gargoyle (Bailey)
  Grinder (D:4)
  Eustachio (D:4)
  A water moccasin (D:7)
  2 black bears (D:4)
  An ogre (D:5)
  3 scorpions
  8 vampire bats (Bailey)
  4 wolf zombies (Bailey)
  2 orc priests
  A hound (D:6)
  6 iguanas
  3 sleepcaps
  5 orc wizards
  15 gnolls
  6 adders
  A shadow imp (D:6)
  3 worms
  10 orcs
  3 endoplasms
  2 giant cockroaches
  10 goblins
  3 hobgoblins
  4 jackals (D:5)
  3 quokkas
  7 ball pythons
  4 bats
  5 kobolds
  10 orc zombies (Bailey)
  2 rats
127 creatures vanquished.

Vanquished Creatures (others)
  A plant (D:4)
1 creature vanquished.

Grand Total: 128 creatures vanquished

Notes
Turn   | Place    | Note
-------+----------+-------------------------------------------
     0 | D:1      | avis the Vine Stalker Brigand began the quest for the Orb.
     0 | D:1      | Reached XP level 1. HP: 11/11 MP: 2/2
    98 | D:1      | Reached skill level 2 in Short Blades
   119 | D:1      | Reached skill level 1 in Dodging
   135 | D:1      | Reached skill level 5 in Stealth
   135 | D:1      | Reached XP level 2. HP: 15/15 MP: 3/3
   634 | D:2      | Reached skill level 1 in Spellcasting
   704 | D:2      | Reached XP level 3. HP: 18/18 MP: 5/5
  1214 | D:3      | You are sucked into a shaft and drop 2 floors!
  1214 | D:5      | Entered Level 5 of the Dungeon
  1214 | D:5      | Found a staircase to the Ecumenical Temple.
  1220 | Temple   | Entered the Ecumenical Temple
  1408 | Temple   | Became a worshipper of Uskayaw the Reveller
  1454 | D:5      | Reached * piety under Uskayaw
  1462 | D:5      | Reached ** piety under Uskayaw
  1465 | D:5      | Gained mutation: Your natural rate of healing is unusually
                  | fast. [Vine Stalker growth]
  1465 | D:5      | Reached XP level 4. HP: 23/23 MP: 6/6
  1468 | D:5      | Reached *** piety under Uskayaw
  1469 | D:5      | Reached skill level 3 in Short Blades
  1494 | D:5      | Found Cahoal's Jewellery Emporium.
  1510 | D:5      | Found Zin's Purification Station.
  1518 | D:5      | Found a glowing silver altar of Zin.
  1581 | D:4      | Noticed a scorpion
  1590 | D:4      | Noticed a black bear
  1637 | D:4      | Noticed a scorpion
  1639 | D:4      | Noticed Grinder
  1684 | D:4      | Noticed a black bear
  1706 | D:3      | Killed a scorpion
  1707 | D:3      | Reached skill level 4 in Short Blades
  1707 | D:3      | Reached XP level 5. HP: 8/26 MP: 4/7
  1890 | D:3      | Found a broken altar of Ashenzari.
  2067 | D:3      | Found an ancient bone altar of Kikubaaqudgha.
  2075 | D:3      | Found a shimmering blue altar of Sif Muna.
  2077 | D:3      | Found a radiant altar of Vehumet.
  2081 | D:3      | Got Kikubaaqudgha's Guide on the Graveyard
  2171 | D:4      | Reached XP level 6. HP: 26/30 MP: 9/9
  2492 | D:3      | Reached skill level 1 in Invocations
  2551 | D:4      | Reached skill level 5 in Short Blades
  2645 | D:4      | Learned a level 3 spell: Ozocubu's Armour
  2664 | D:4      | Killed a black bear
  2665 | D:4      | Reached XP level 7. HP: 34/35 MP: 9/11
  2686 | D:4      | Killed Grinder
  2687 | D:4      | Reached skill level 1 in Ice Magic
  2908 | D:4      | Noticed Eustachio
  2933 | D:4      | Killed Eustachio
  2934 | D:4      | Gained mutation: You have razor-sharp teeth. [Vine Stalker
                  | growth]
  2934 | D:4      | Reached XP level 8. HP: 39/39 MP: 12/12
  2941 | D:4      | Found a glowing golden altar of the Shining One.
  3022 | D:5      | Reached skill level 5 in Invocations
  3140 | D:5      | Reached skill level 6 in Short Blades
  3562 | D:5      | Reached **** piety under Uskayaw
  3681 | D:5      | Found Zits's Distillery.
  3687 | D:5      | Bought a potion of curing for 30 gold pieces
  3687 | D:5      | Bought a potion of curing for 30 gold pieces
  3687 | D:5      | Bought a potion of degeneration for 10 gold pieces
  3687 | D:5      | Bought a potion of attraction for 30 gold pieces
  4487 | D:6      | Reached skill level 7 in Short Blades
  4578 | D:6      | Learned a level 3 spell: Swiftness
  4888 | D:6      | Identified the +5 sling "Dacliz" {antimagic, rElec}
  4919 | D:6      | Found a white marble altar of Elyvilon.
  5227 | D:6      | Found a bloodstained altar of Trog.
  5232 | D:6      | Found an ornate altar of the Wu Jian Council.
  5360 | D:7      | Found a flagged portal.
  5511 | Bailey   | Entered a bailey
  5530 | Bailey   | Reached XP level 9. HP: 42/42 MP: 14/14
  5628 | Bailey   | Reached skill level 8 in Short Blades
  5630 | Bailey   | Reached ***** piety under Uskayaw
  5672 | Bailey   | Identified the +0 robe "Tidgh" {Harm Regen+ Int-3}
  5732 | Bailey   | Noticed a gargoyle
  5740 | Bailey   | Killed a gargoyle
  5749 | Bailey   | HP: 1/42 [something (8)]
  5752 | Bailey   | Mangled by a vampire

Illustrated notes

Levels and vault maps discovered:
D:1:      spicycebolla_arrival_ecumenical, layout_basic
D:2:      layout_rooms, skrybe_limestone_x, glass_columns_a
D:3:      layout_rooms, grunt_temple_overflow_magic_moments,
          nicolae_overflow_crystal_walls
D:4:      nicolae_cairo_tiling_large_dashed, layout_cave_pools,
          tso_oasis_becter, uniq_grinder, uniq_eustachio
D:5:      layout_layer_cave, zin_purify, minmay_temple_entry_mist, serial_shops,
          shop, nicolae_square_shop
D:6:      layout_gridville, mainiacjoe_overflow_surrounded_room,
          chequers_temple_overflow_statue_of_worship
D:7:      layout_gridville, okawaru_trees_2, enter_bailey_2
Temple:   grunt_temple_mini_profane
Bailey:   bailey_polearm_vampire_castle_hellmonk, bailey

Skill      XL: |  1  2  3  4  5  6  7  8  9 |
---------------+----------------------------+-----
Fighting       | 2 |  2.0
Short Blades   | 2 4 5 7 8 |  8.7
Dodging        | 1 2 |  2.0
Stealth        | 5 |  5.0
Throwing       | 2 |  2.0
Spellcasting   | 1 2 |  2.0
Invocations    | 2 4 6 7 |  7.1
Ice Magic      | 1 |  1.0

Action                     |  1- 3 |  4- 6 |  7- 9 || total
---------------------------+-------+-------+-------++-------
  Melee: Dagger            |    23 |    84 |   202 ||   309
         Bite              |     5 |    24 |    66 ||    95
         Punch             |       |       |     2 ||     2
   Fire: Sling             |    30 |     2 |    10 ||    42
         Arbalest          |       |       |    20 ||    20
  Throw: Dart              |       |     9 |    13 ||    22
 Invoke: Line Pass         |       |       |     5 ||     5
  Evoke: Wand              |       |       |     1 ||     1
    Use: Scroll            |     7 |     2 |    10 ||    19
         Potion            |       |     1 |     1 ||     2
   Stab: Sleeping          |     4 |     4 |     5 ||    13
         Confused          |       |       |     2 ||     2
         Paralysed         |       |       |     3 ||     3
 Armour: Robe              |     3 |    14 |    30 ||    47
  Dodge: Dodged            |     8 |    48 |    83 ||   139
